Map: Ultralove

Players

ManlyManMeat - Winner!

  • Race: Zerg Zerg
  • League: Diamond
  • Spawn Location: 1:00

bbll

  • Race: Protoss Protoss
  • League: Diamond
  • Spawn Location: 7:00

VOD

Have the link to the VOD?

Description

Time

  • Played on: July 13, 2025, 2:48 p.m.
  • Length: 7:21
Show
View Real Time Build Order
Export as new Build Order

ManlyManMeat Zerg - Winner!

Build Orders: Hatch First 

Get SALT Encoding   

  12  0:00  Drone  
  13  0:07  Drone  
  13  0:13  Extractor  
  13  0:15  Drone  
  15  0:22  Overlord  
  15  0:40  Drone  
  16  0:45  Hatchery  
  16  0:49  Drone  
  16  0:52  Drone  
  16  0:56  Drone  
  18  1:08  Extractor  
  17  1:14  Spawning Pool  
  17  1:17  Drone  
  17  1:18  Drone  
  18  1:36  Drone  
  18  1:37  Drone  
  20  2:00  Queen x2  
  25  2:01  Zergling x4  
  25  2:03  Overlord  
  26  2:09  Drone  
  27  2:15  Drone  
  28  2:24  Drone x2  
  30  2:31  Hatchery  
  30  2:35  Drone  
  30  2:45  Drone, Overlord  
  31  2:56  Drone x3  
  34  3:01  Queen  
  36  3:10  Drone x3  
  39  3:13  Overlord  
  39  3:18  Drone x2  
  41  3:26  Drone x2  
  43  3:29  Overlord x2  
  43  3:32  Drone  
  43  3:33  Drone  
  45  3:42  Lair  
  45  3:44  Drone  
  46  3:51  Spore Crawler  
  46  3:52  Drone, Spore Crawler  
  46  3:55  Zergling x8  
  48  4:10  Queen x2  
  52  4:19  Drone x4  
  52  4:20  Drone x4  
  60  4:24  Overlord  
  60  4:26  Metabolic Boost  
  60  4:52  Spire  
  59  4:53  Extractor  
  59  4:54  Drone x2  
  59  4:55  Drone x3, Extractor  
  59  4:56  Extractor x2  
  59  4:57  Extractor  
  59  5:10  Drone x3  
  59  5:11  Drone x2  
  59  5:12  Drone x2, Hatchery  
  59  5:13  Drone x3  
  68  5:24  Spore Crawler  
  68  5:25  Drone x3  
  68  5:26  Overlord x2  
  70  5:34  Drone  
  70  5:35  Evolution Chamber  
  70  5:36  Hatchery  
  70  5:37  Drone  
  70  5:45  Overseer  
  70  5:49  Overseer  
  70  5:55  Drone x3  
  70  5:56  Drone x2  
  70  5:57  Drone x3  
  77  6:02  Queen  
  80  6:04  Mutalisk x3  
  80  6:06  Mutalisk  
  80  6:10  Mutalisk  
  89  6:19  Hatchery  
  88  6:26  Drone  
  88  6:27  Infestation Pit  
  88  6:28  Mutalisk  
  88  6:32  Zergling x12  
  96  6:33  Overlord  
  96  6:36  Hatchery  
  95  6:53  Mutalisk x3  
  97  6:56  Zergling x2  
  97  6:57  Zergling x16  
Show
View Real Time Build Order
Export as new Build Order

bbll Protoss 

Build Orders: 1 Gate Expand, Oracle Opening 

Get SALT Encoding   

  12  0:00  Probe  
  13  0:12  Probe  
  14  0:19  Pylon  
  14  0:25  Probe  
  15  0:38  Probe  
  16  0:44  Gateway  
  16  0:50  Probe  
  17  1:02  Probe  
  18  1:14  Probe  
  19  1:20  Nexus  
  19  1:27  Probe  
  20  1:32  Cybernetics Core  
  20  1:37  Pylon  
  20  1:41  Pylon  
  20  1:45  Assimilator  
  20  1:47  Probe  
  20  1:54  Assimilator  
  21  1:59  Probe  
  22  2:08  Adept  
  22  2:11  Probe  
  23  2:17  Warp Gate  
  25  2:23  Probe  
  25  2:25  Pylon  
  25  2:28  Probe  
  26  2:35  Probe  
  26  2:36  Probe  
  28  2:41  Adept  
  31  2:46  Probe  
  31  2:48  Probe  
  33  2:58  Assimilator, Probe  
  33  3:00  Probe  
  33  3:01  Stargate  
  35  3:10  Probe  
  35  3:12  Probe  
  37  3:13  Adept  
  39  3:20  Gateway  
  39  3:23  Probe  
  39  3:24  Probe  
  41  3:34  Oracle  
  41  3:35  Probe  
  41  3:36  Probe  
  43  3:43  Pylon  
  43  3:47  Probe  
  43  3:48  Probe  
  48  3:59  Probe  
  48  4:00  Probe  
  50  4:04  Oracle  
  50  4:06  Stalker  
  52  4:11  Probe  
  52  4:12  Probe  
  57  4:23  Probe  
  58  4:24  Probe  
  58  4:29  Assimilator  
  59  4:33  Robotics Facility  
  59  4:35  Probe, Pylon  
  59  4:36  Probe, Nexus  
  61  4:45  Pylon  
  61  4:47  Probe  
  62  4:53  Probe  
  62  4:59  Probe, Pylon  
  64  5:01  Twilight Council  
  64  5:04  Gateway x2  
  64  5:05  Probe  
  65  5:11  Probe  
  65  5:13  Forge  
  66  5:17  Probe  
  67  5:24  Probe  
  68  5:29  Probe, Pylon  
  68  5:33  Gateway  
  68  5:34  Gateway  
  69  5:35  Shield Battery  
  69  5:36  Probe  
  69  5:39  Observer  
  69  5:41  Probe  
  72  5:48  Probe x2  
  74  5:53  Probe  
  74  5:54  Adept  
  74  5:55  Adept  
  79  5:58  Immortal  
  79  6:00  Probe  
  79  6:01  Probe  
  81  6:05  Probe  
  81  6:11  Templar Archives  
  86  6:12  Probe  
  86  6:13  Probe  
  88  6:18  Probe  
  88  6:21  Assimilator  
  88  6:22  Assimilator  
  88  6:24  Probe  
  90  6:28  Probe  
  90  6:30  Probe  
  90  6:32  Stalker x5  
  100  6:33  Stalker  
  100  6:34  Immortal  
  104  6:40  Pylon  
  108  6:48  Robotics Facility  
  108  6:53  Probe  
  109  6:58  Probe  
Tags
 
Add a new tag
Caveats
  • Supply blocks, unpowered buildings, or Contaminate may cause inaccurate times.
  • Supply counts are checked every 10 seconds.